[Event "BL 2018-19"]
[Site "Berlin"]
[Date "2019.03.01"]
[Round "9.29"]
[White "Arnaudov, G. Petar"]
[Black "Gerigk, Erasmus"]
[Result "1-0"]
[ECO "E20"]
[WhiteElo "2459"]
[BlackElo "2355"]
[Annotator "ChessBase"]
[PlyCount "143"]
[EventDate "2018.11.10"]
[EventType "team-tourn"]
[EventCountry "GER"]
[SourceTitle "playchess.com"]
[Source "ChessBase"]
[SourceQuality "1"]
[WhiteTeam "Augsburg"]
[BlackTeam "Zugzwang Muenchen"]
[TimeControl "40/6000+30:3000+30"]

1. d4 Nf6 2. c4 e6 3. Nc3 Bb4 4. g3 O-O 5. Bg2 d5 6. Nf3 dxc4 7. O-O Nc6 8. Qa4 Rb8 9. Qb5 Bxc3 10. bxc3 Qd5 11. a4 a6 12. Qb2 Qh5 13. Nd2 Na5 14. e4 b5 15. Qc2 Nc6 16. axb5 axb5 17. f4 Qe2 18. Bf3 Qd3 19. Qxd3 cxd3 20. Nb3 Nd7 21. d5 Nd8 22. Ba3 Re8 23. d6 cxd6 24. Bxd6 Rb6 25. e5 Ra6 26. Rad1 Bb7 27. Rxd3 Bxf3 28. Rfxf3 Nb7 29. Bb4 Nb6 30. Nd4 Nd5 31. Nxb5 Nxb4 32. cxb4 Rb6 33. Nc7 Rc8 34. Rc3 Rxb4 35. Rfd3 h5 36. Kg2 Rd8 37. Rxd8+ Nxd8 38. Ne8 Nb7 39. Rc8 Kh7 40. Kf3 Kg6 41. Rc7 Rb3+ 42. Ke4 Rb4+ 43. Kd3 Rb1 44. Ke3 Re1+ 45. Kf3 Rb1 46. Kg2 Rb3 47. Kh3 Rb2 48. g4 hxg4+ 49. Kxg4 Rb1 50. h4 Rg1+ 51. Kf3 Rf1+ 52. Kg3 Rg1+ 53. Kf2 Rb1 54. Ke2 Rb3 55. Kf2 Rb1 56. h5+ Kxh5 57. Rxf7 g5 58. f5 exf5 59. e6 f4 60. e7 Rb2+ 61. Ke1 Rb1+ 62. Kd2 Rb2+ 63. Kd3 Rb3+ 64. Ke4 Kg6 65. Rf6+ Kh7 66. Kf5 Rb5+ 67. Ke6 Nc5+ 68. Kf7 Nd7 69. Rd6 Ne5+ 70. Ke6 Ng4 71. Nf6+ Kg7 72. Nxg4 1-0

[Event "BL 2018-19"]
[Site "Berlin"]
[Date "2019.03.01"]
[Round "9.31"]
[White "Nestorovic, Nikola"]
[Black "Eichler, Christoph"]
[Result "1-0"]
[ECO "B36"]
[WhiteElo "2455"]
[BlackElo "2315"]
[Annotator "ChessBase"]
[PlyCount "109"]
[EventDate "2018.11.10"]
[EventType "team-tourn"]
[EventCountry "GER"]
[SourceTitle "playchess.com"]
[Source "ChessBase"]
[SourceQuality "1"]
[WhiteTeam "Augsburg"]
[BlackTeam "Zugzwang Muenchen"]
[TimeControl "40/6000+30:3000+30"]

1. e4 c5 2. Nf3 Nc6 3. d4 cxd4 4. Nxd4 g6 5. c4 Nf6 6. Nc3 Nxd4 7. Qxd4 d6 8. Be3 Bg7 9. Be2 O-O 10. Qd2 Be6 11. Rc1 Qa5 12. O-O Rfc8 13. b3 a6 14. Bf3 Rab8 15. Ba7 Ra8 16. Bd4 Rab8 17. Qe3 Nd7 18. Bxg7 Kxg7 19. Nd5 Re8 20. b4 Qd8 21. Nf4 Nf8 22. Rfd1 Qc7 23. h4 f6 24. c5 dxc5 25. Rxc5 Qb6 26. a3 Rbd8 27. Rdc1 Bf7 28. e5 Rd7 29. Bd5 fxe5 30. Qxe5+ Qf6 31. Bf3 Ne6 32. Nxe6+ Bxe6 33. Qe3 Bf7 34. h5 gxh5 35. Bxh5 Bg6 36. Be2 Red8 37. Rc7 Qd6 38. Qc3+ Qf6 39. Bf3 Rxc7 40. Qxc7 Rd3 41. Re1 Kf7 42. a4 b5 43. axb5 axb5 44. Qc5 Qd6 45. Qxb5 Rd4 46. Qc5 Rxb4 47. Bd5+ Kf6 48. Re6+ Qxe6 49. Bxe6 Rb1+ 50. Kh2 Kxe6 51. f4 Re1 52. g4 Be4 53. Kg3 Kf7 54. Qc4+ Kf8 55. Kf2 1-0

[Event "BL 2018-19"]
[Site "Berlin"]
[Date "2019.03.01"]
[Round "9.32"]
[White "Lammers, Markus"]
[Black "Schmittdiel, Eckhard"]
[Result "1/2-1/2"]
[ECO "A05"]
[WhiteElo "2298"]
[BlackElo "2436"]
[Annotator "NA"]
[PlyCount "73"]
[EventDate "2018.11.10"]
[EventType "team-tourn"]
[EventCountry "GER"]
[SourceTitle "playchess.com"]
[Source "ChessBase"]
[SourceQuality "1"]
[WhiteTeam "Zugzwang Muenchen"]
[BlackTeam "Augsburg"]
[TimeControl "40/6000+30:3000+30"]

1. Nf3 Nf6 2. c4 e6 3. e3 g6 4. d4 Bg7 5. Nc3 O-O 6. Be2 d5 7. b4 Ne4 8. Bb2 Nxc3 9. Bxc3 dxc4 10. Bxc4 b6 11. O-O Bb7 12. Qe2 Nd7 13. Rfd1 Qe7 14. Rac1 a6 15. e4 Rfd8 16. h3 Bh6 17. Rb1 Nf6 18. Bd3 Nh5 19. g3 Nf6 20. Ne5 Nd7 21. Ng4 Bg7 22. a3 h5 23. Ne3 b5 24. Qc2 Nb6 25. Bf1 Rd7 26. Bg2 Rad8 27. Rbc1 Na4 28. Ba1 Bxd4 29. Bxd4 Rxd4 30. Rxd4 Rxd4 31. Qxc7 Qxc7 32. Rxc7 Bxe4 33. Bxe4 Rxe4 34. Ra7 Rd4 35. Rxa6 Rd3 36. Ra5 Nc3 37. Kg2 1/2-1/2

[Event "BL 2018-19"]
[Site "Berlin"]
[Date "2019.03.02"]
[Round "10.1"]
[White "Caruana, Fabiano"]
[Black "Shankland, Samuel"]
[Result "1/2-1/2"]
[ECO "B48"]
[WhiteElo "2828"]
[BlackElo "2724"]
[Annotator "RC"]
[PlyCount "96"]
[EventDate "2018.11.10"]
[EventType "team-tourn"]
[EventCountry "GER"]
[SourceTitle "playchess.com"]
[Source "ChessBase"]
[SourceQuality "1"]
[WhiteTeam "Baden-Baden"]
[BlackTeam "Hockenheim"]
[TimeControl "40/6000+30:3000+30"]

1. e4 c5 2. Nf3 e6 3. d4 cxd4 4. Nxd4 Nc6 5. Nc3 Qc7 6. Be3 a6 7. Qf3 Nf6 8. O-O-O Ne5 9. Qg3 b5 10. f4 Neg4 11. Bd2 b4 12. Na4 h5 13. Bd3 d5 14. e5 Ne4 15. Bxe4 dxe4 16. h3 Nh6 17. b3 Bd7 18. Nb2 Bc5 19. Be3 O-O 20. Qf2 a5 21. Kb1 a4 22. g4 Ra6 23. Nxe6 Bxe6 24. Bxc5 axb3 25. cxb3 Rfa8 26. Na4 hxg4 27. hxg4 Bxg4 28. Rd6 Bf3 29. Rhxh6 gxh6 30. Nb6 Rxb6 31. Bxb6 Qc3 32. Be3 Rc8 33. f5 Qxe5 34. Qg1+ Qg7 35. Qxg7+ Kxg7 36. Bxh6+ Kh7 37. Bd2 Rc5 38. Rh6+ Kg8 39. f6 e3 40. Bxb4 Be4+ 41. Kb2 Rc2+ 42. Ka3 e2 43. Rh3 Bd5 44. Rh5 Be6 45. Ba5 Rc1 46. Re5 Rc2 47. Rh5 Rc1 48. Re5 Rc2 1/2-1/2

[Event "BL 2018-19"]
[Site "Berlin"]
[Date "2019.03.02"]
[Round "10.4"]
[White "Kempinski, Robert"]
[Black "Hracek, Zbynek"]
[Result "1/2-1/2"]
[ECO "D37"]
[WhiteElo "2574"]
[BlackElo "2569"]
[Annotator "ChessBase"]
[PlyCount "52"]
[EventDate "2018.11.10"]
[EventType "team-tourn"]
[EventCountry "GER"]
[SourceTitle "playchess.com"]
[Source "ChessBase"]
[SourceQuality "1"]
[WhiteTeam "Hamburg SK"]
[BlackTeam "Werder Bremen"]
[TimeControl "40/6000+30:3000+30"]

1. d4 Nf6 2. c4 e6 3. Nc3 d5 4. Nf3 Nbd7 5. Bg5 h6 6. Bh4 Be7 7. e3 O-O 8. Rc1 c5 9. dxc5 dxc4 10. Bxc4 Nxc5 11. O-O a6 12. Qc2 b5 13. Be2 Bb7 14. Rfd1 Qe8 15. Bxf6 Bxf6 16. b4 Na4 17. Nxa4 bxa4 18. Nd2 Rc8 19. Qb1 Rxc1 20. Rxc1 Qa8 21. Bf3 Bxf3 22. Nxf3 Rb8 23. h3 Qd5 24. e4 Qb5 25. a3 a5 26. e5 Bxe5 1/2-1/2

[Event "BL 2018-19"]
[Site "Berlin"]
[Date "2019.03.02"]
[Round "10.7"]
[White "Markgraf, Alexander"]
[Black "Rogozenco, Dorian"]
[Result "0-1"]
[ECO "B33"]
[WhiteElo "2489"]
[BlackElo "2495"]
[Annotator "RC"]
[PlyCount "104"]
[EventDate "2018.11.10"]
[EventType "team-tourn"]
[EventCountry "GER"]
[SourceTitle "playchess.com"]
[Source "ChessBase"]
[SourceQuality "1"]
[WhiteTeam "Werder Bremen"]
[BlackTeam "Hamburg SK"]
[TimeControl "40/6000+30:3000+30"]

1. e4 c5 2. Nf3 Nc6 3. d4 cxd4 4. Nxd4 Nf6 5. Nc3 e6 6. Ndb5 d6 7. Bf4 e5 8. Bg5 a6 9. Na3 b5 10. Bxf6 gxf6 11. Nd5 f5 12. c3 Bg7 13. Bd3 Be6 14. Nxb5 axb5 15. Bxb5 Bd7 16. exf5 Nb8 17. a4 Bxb5 18. axb5 Rxa1 19. Qxa1 O-O 20. O-O Nd7 21. Qa7 e4 22. b6 Be5 23. Qc7 Kg7 24. Ra1 Nf6 25. Ne7 Qd7 26. Ra5 Re8 27. Qxd7 Nxd7 28. Nd5 Rb8 29. Rb5 Rb7 30. g3 Bf6 31. b4 Be5 32. c4 Bd4 33. Kg2 Kf8 34. h4 Ke8 35. f3 e3 36. Kf1 Nxb6 37. c5 Nxd5 38. Rxb7 dxc5 39. bxc5 Bxc5 40. Rb5 e2+ 41. Ke1 Bb4+ 42. Rxb4 Nxb4 43. Kxe2 Ke7 44. Ke3 Kf6 45. Ke4 Na6 46. g4 Nc5+ 47. Kf4 h5 48. g5+ Ke7 49. Ke3 f6 50. Kf4 Nb7 51. Ke4 Nd6+ 52. Kf4 Kf7 0-1

[Event "BL 2018-19"]
[Site "Berlin"]
[Date "2019.03.02"]
[Round "10.13"]
[White "Vrolijk, Liam"]
[Black "Pakleza, Zbigniew"]
[Result "1/2-1/2"]
[ECO "A65"]
[WhiteElo "2445"]
[BlackElo "2508"]
[Annotator "ChessBase"]
[PlyCount "81"]
[EventDate "2018.11.10"]
[EventType "team-tourn"]
[EventCountry "GER"]
[SourceTitle "playchess.com"]
[Source "ChessBase"]
[SourceQuality "1"]
[WhiteTeam "Muelheim"]
[BlackTeam "Kiel"]
[TimeControl "40/6000+30:3000+30"]

1. d4 Nf6 2. c4 c5 3. d5 e6 4. Nc3 exd5 5. cxd5 d6 6. e4 g6 7. Nge2 Bg7 8. Ng3 O-O 9. Be2 Re8 10. O-O a6 11. a4 Nbd7 12. f3 b6 13. Be3 h5 14. Qd2 Nh7 15. Nh1 f5 16. Nf2 Ne5 17. Rae1 Nf6 18. Bh6 Nf7 19. Bxg7 Kxg7 20. Bd3 Ne5 21. Bb1 fxe4 22. Nfxe4 Nh7 23. Ne2 Ra7 24. a5 Bf5 25. b4 Bxe4 26. Bxe4 Nf8 27. axb6 Qxb6 28. bxc5 Qxc5+ 29. Nd4 Rb7 30. Rc1 Qb4 31. Rc7+ Nf7 32. Qxb4 Rxb4 33. Nc6 Rb6 34. Ra7 Kf6 35. Bd3 Ne5 36. Bxa6 Rb2 37. Rc1 g5 38. Rb7 Rd2 39. Bb5 Nfg6 40. Nxe5 Rxe5 41. Bf1 1/2-1/2

[Event "BL 2018-19"]
[Site "Berlin"]
[Date "2019.03.02"]
[Round "10.19"]
[White "Berelowitsch, Alexander"]
[Black "Perske, Thore"]
[Result "1/2-1/2"]
[ECO "C07"]
[WhiteElo "2520"]
[BlackElo "2448"]
[Annotator "RC"]
[PlyCount "118"]
[EventDate "2018.11.10"]
[EventType "team-tourn"]
[EventCountry "GER"]
[SourceTitle "playchess.com"]
[Source "ChessBase"]
[SourceQuality "1"]
[WhiteTeam "Duesseldorf"]
[BlackTeam "SV Hofheim"]
[TimeControl "40/6000+30:3000+30"]

1. e4 e6 2. d4 d5 3. Nd2 c5 4. c3 cxd4 5. cxd4 dxe4 6. Nxe4 Nf6 7. Bd3 Nc6 8. Nf3 Nxe4 9. Bxe4 Bb4+ 10. Bd2 Bxd2+ 11. Qxd2 Bd7 12. O-O O-O 13. Rfd1 h6 14. Ne5 Rc8 15. g3 Nxe5 16. dxe5 Bc6 17. Qxd8 Rfxd8 18. Rxd8+ Rxd8 19. Bxc6 bxc6 20. Rc1 Rd2 21. Rxc6 Rxb2 22. Ra6 Rb7 23. h4 h5 24. f3 Kh7 25. Kf2 Kg6 26. g4 Rc7 27. Kg3 hxg4 28. Kxg4 Kh6 29. h5 g6 30. hxg6 Kxg6 31. f4 Kg7 32. Kg5 Rb7 33. a3 Rc7 34. a4 Rd7 35. Ra5 Kf8 36. Kf6 Rd4 37. Kg5 Rd7 38. Rb5 Rd4 39. a5 Kg7 40. Rb7 a6 41. f5 Re4 42. f6+ Kg8 43. Ra7 Re1 44. Rxa6 Kh7 45. Kf4 Ra1 46. Ra7 Kg6 47. a6 Ra4+ 48. Ke3 Kf5 49. Rxf7 Kxe5 50. a7 Kf5 51. Kd3 Kg6 52. Rb7 Kxf6 53. Kc3 e5 54. Kb3 Ra1 55. Kc4 Kf5 56. Kc5 e4 57. Kb6 e3 58. Re7 Kf4 59. Kb7 Kf3 1/2-1/2

[Event "BL 2018-19"]
[Site "Berlin"]
[Date "2019.03.02"]
[Round "10.21"]
[White "Miedema, David"]
[Black "Womacka, Mathias"]
[Result "1/2-1/2"]
[ECO "B90"]
[WhiteElo "2381"]
[BlackElo "2449"]
[Annotator "NA"]
[PlyCount "102"]
[EventDate "2018.11.10"]
[EventType "team-tourn"]
[EventCountry "GER"]
[SourceTitle "playchess.com"]
[Source "ChessBase"]
[SourceQuality "1"]
[WhiteTeam "Duesseldorf"]
[BlackTeam "SV Hofheim"]
[TimeControl "40/6000+30:3000+30"]

1. e4 c5 2. Nf3 d6 3. d4 cxd4 4. Nxd4 Nf6 5. Nc3 a6 6. h3 e5 7. Nde2 h5 8. Bg5 Be6 9. Bxf6 Qxf6 10. Nd5 Qd8 11. Qd3 Nd7 12. O-O-O g6 13. Kb1 Nc5 14. Qf3 Bg7 15. Nec3 O-O 16. Ne3 b5 17. Ncd5 h4 18. g3 Ra7 19. Qg2 Qg5 20. Rg1 f5 21. exf5 gxf5 22. f4 Qh6 23. g4 fxg4 24. f5 Bxf5 25. Nxf5 Rxf5 26. hxg4 Rg5 27. Ne3 Rf7 28. Qa8+ Rf8 29. Qd5+ Qe6 30. Qxe6+ Nxe6 31. Rxd6 Rf3 32. Bg2 Rxe3 33. Bd5 h3 34. Bxe6+ Kf8 35. Rf1+ Ke8 36. Bf5 h2 37. Rd2 Rf3 38. Rc1 Rgxf5 39. gxf5 Bh6 40. Rxh2 Bxc1 41. Kxc1 Rxf5 42. Rh6 a5 43. Rc6 e4 44. Re6+ Kd7 45. Rxe4 b4 46. Re3 Rf1+ 47. Kd2 Rb1 48. Re5 Rxb2 49. Rxa5 Rb1 50. Re5 Ra1 51. Ra5 Kc6 1/2-1/2

[Event "BL 2018-19"]
[Site "Berlin"]
[Date "2019.03.02"]
[Round "10.24"]
[White "Margolin, Boris"]
[Black "Coenen, Michael"]
[Result "1-0"]
[ECO "C42"]
[WhiteElo "2386"]
[BlackElo "2364"]
[Annotator "NA"]
[PlyCount "112"]
[EventDate "2018.11.10"]
[EventType "team-tourn"]
[EventCountry "GER"]
[SourceTitle "playchess.com"]
[Source "ChessBase"]
[SourceQuality "1"]
[WhiteTeam "SV Hofheim"]
[BlackTeam "Duesseldorf"]
[TimeControl "40/6000+30:3000+30"]

1. e4 e5 2. Nf3 Nf6 3. Nxe5 d6 4. Nd3 Nxe4 5. Qe2 Qe7 6. Nf4 Nf6 7. b3 Bf5 8. Na3 c6 9. Nc4 Qxe2+ 10. Bxe2 d5 11. Ne3 Bg6 12. Bb2 Bd6 13. Nxg6 hxg6 14. O-O-O Nbd7 15. h4 O-O-O 16. g3 Rde8 17. Bf3 Be5 18. Ba3 Bc7 19. Bg2 Ne4 20. Rdf1 Bd6 21. Bb2 Be5 22. c3 Ndf6 23. Kc2 Bc7 24. Nd1 Kb8 25. Bf3 Bb6 26. d3 Nd6 27. Re1 Kc8 28. Ba3 Kd7 29. Rxe8 Rxe8 30. g4 Rh8 31. Bc1 Ng8 32. c4 dxc4 33. dxc4 Nf6 34. Bb2 Rh7 35. h5 gxh5 36. gxh5 Nde4 37. Re1 Ng5 38. Bxf6 Nxf3 39. Re7+ Kc8 40. Rxf7 Rxh5 41. Bxg7 Nh4 42. Kd3 Nf5 43. Be5 Nh6 44. Rf8+ Kd7 45. Bf4 Ng4 46. Bg3 Rh7 47. Rf4 Rg7 48. Nc3 Ke6 49. Ne4 Ne5+ 50. Ke2 Nd7 51. Rh4 Nc5 52. Rh6+ Kd7 53. Nf6+ Ke7 54. Bd6+ Kf7 55. Nh5 Rg4 56. Rf6+ {[%emt 0:00:54] Rg5 Ng3+} Ke8 1-0

[Event "BL 2018-19"]
[Site "Berlin"]
[Date "2019.03.02"]
[Round "10.24"]
[White "Eichler, Christoph"]
[Black "Jakubowski, Krzysztof"]
[Result "0-1"]
[ECO "B40"]
[WhiteElo "2315"]
[BlackElo "2510"]
[Annotator "ChessBase"]
[PlyCount "112"]
[EventDate "2018.11.10"]
[EventType "team-tourn"]
[EventCountry "GER"]
[SourceTitle "playchess.com"]
[Source "ChessBase"]
[SourceQuality "1"]
[WhiteTeam "Zugzwang Muenchen"]
[BlackTeam "SF Berlin"]
[TimeControl "40/6000+30:3000+30"]

1. e4 c5 2. Nf3 e6 3. b3 a6 4. Bb2 Nc6 5. Be2 Qc7 6. c4 Nf6 7. Nc3 b6 8. O-O Bb7 9. Re1 Bd6 10. Bf1 Ng4 11. g3 h5 12. Bh3 O-O-O 13. Na4 Nge5 14. Nxe5 Bxe5 15. Bxe5 Qxe5 16. Nxb6+ Kb8 17. Bg2 h4 18. Qf3 Nd4 19. Qc3 hxg3 20. hxg3 f5 21. f4 Qd6 22. Na4 fxe4 23. Re3 g5 24. Rf1 Nf3+ 25. Rfxf3 exf3 26. Rxf3 gxf4 27. Rxf4 Rhg8 28. Qe3 Bxg2 29. Kxg2 Qc6+ 30. Qf3 Kc7 31. Qxc6+ Kxc6 32. d4 cxd4 33. Rxd4 Rg7 34. c5 Rdg8 35. Rd6+ Kc7 36. Rxa6 Rxg3+ 37. Kf2 Rg2+ 38. Kf3 R8g3+ 39. Kf4 Rg4+ 40. Kf3 R2g3+ 41. Kf2 Rg2+ 42. Kf3 e5 43. Ra7+ Kc6 44. Ra6+ Kb7 45. Rd6 R4g3+ 46. Ke4 Re2+ 47. Kf5 Rf3+ 48. Kg4 Rf7 49. Nb6 Rg2+ 50. Kh3 Rg5 51. Rxd7+ Rxd7 52. Nxd7 e4 53. Kh4 Rg7 54. Ne5 e3 55. Nf3 e2 56. Kh3 Rf7 0-1

[Event "BL 2018-19"]
[Site "Berlin"]
[Date "2019.03.02"]
[Round "10.31"]
[White "Hoffmann, Paul"]
[Black "Nestorovic, Nikola"]
[Result "1-0"]
[ECO "C55"]
[WhiteElo "2376"]
[BlackElo "2455"]
[Annotator "ChessBase"]
[PlyCount "85"]
[EventDate "2018.11.10"]
[EventType "team-tourn"]
[EventCountry "GER"]
[SourceTitle "playchess.com"]
[Source "ChessBase"]
[SourceQuality "1"]
[WhiteTeam "Dresden"]
[BlackTeam "Augsburg"]
[TimeControl "40/6000+30:3000+30"]

1. e4 e5 2. Nf3 Nc6 3. Bc4 Nf6 4. d3 Be7 5. O-O O-O 6. Bb3 d6 7. c3 Na5 8. Bc2 c5 9. a4 Nc6 10. Nbd2 Re8 11. Re1 Bf8 12. h3 h6 13. Nf1 g6 14. Ng3 Bg7 15. Be3 b6 16. d4 cxd4 17. cxd4 Nxd4 18. Nxd4 exd4 19. Bxd4 h5 20. Qf3 Be6 21. Bd3 Rc8 22. Ba6 Rc7 23. Rad1 h4 24. Nf1 Bd7 25. e5 Bc6 26. Qa3 Ne4 27. exd6 Bxd4 28. Rxd4 Rd7 29. Bb5 Bxb5 30. axb5 f5 31. f3 Nc5 32. Rxe8+ Qxe8 33. Qe3 Qxe3+ 34. Nxe3 Ne6 35. Rd2 Nd8 36. Nc4 Nf7 37. Rd4 g5 38. f4 Kg7 39. fxg5 Nxg5 40. Ne5 Ne6 41. Rd1 Rd8 42. d7 Nf8 43. Rd6 1-0

[Event "BL 2018-19"]
[Site "Berlin"]
[Date "2019.03.02"]
[Round "10.32"]
[White "Pitl, Gregory"]
[Black "Loxine, Jakov"]
[Result "1/2-1/2"]
[ECO "B32"]
[WhiteElo "2387"]
[BlackElo "2393"]
[Annotator "NA"]
[PlyCount "53"]
[EventDate "2018.11.10"]
[EventType "team-tourn"]
[EventCountry "GER"]
[SourceTitle "playchess.com"]
[Source "ChessBase"]
[SourceQuality "1"]
[WhiteTeam "Augsburg"]
[BlackTeam "Dresden"]
[TimeControl "40/6000+30:3000+30"]

1. e4 c5 2. Nf3 Nc6 3. d4 cxd4 4. Nxd4 e5 5. Nb5 d6 6. N1c3 a6 7. Na3 Be6 8. Nc4 Rb8 9. a4 Nb4 10. Be2 Qc7 11. Ne3 Nf6 12. Ncd5 Nbxd5 13. exd5 Bd7 14. a5 g6 15. O-O Bg7 16. c4 O-O 17. b4 Ne4 18. Qd3 f5 19. Ba3 b5 20. axb6 Qxb6 21. Rac1 Rfc8 22. Bf3 a5 23. bxa5 Qxa5 24. Bxe4 fxe4 25. Qc3 Qxc3 26. Rxc3 Bf8 27. Rfc1 1/2-1/2

[Event "BL 2018-19"]
[Site "Berlin"]
[Date "2019.03.03"]
[Round "11.6"]
[White "Hausrath, Daniel"]
[Black "Rogozenco, Dorian"]
[Result "1/2-1/2"]
[ECO "A06"]
[WhiteElo "2493"]
[BlackElo "2495"]
[Annotator "ChessBase"]
[PlyCount "46"]
[EventDate "2018.11.10"]
[EventType "team-tourn"]
[EventCountry "GER"]
[SourceTitle "playchess.com"]
[Source "ChessBase"]
[SourceQuality "1"]
[WhiteTeam "Muelheim"]
[BlackTeam "Hamburg SK"]
[TimeControl "40/6000+30:3000+30"]

1. Nf3 d5 2. g3 Nc6 3. Bg2 e5 4. d3 g6 5. O-O Bg7 6. c4 dxc4 7. dxc4 Qxd1 8. Rxd1 Be6 9. Nc3 h6 10. Be3 Nge7 11. Nd5 O-O-O 12. Ne1 Nf5 13. Bc5 b6 14. Ba3 Na5 15. Rac1 c6 16. b4 Nb7 17. g4 Nd4 18. Rxd4 exd4 19. Ne7+ Kc7 20. Nxc6 Bxg4 21. Nxd8 Rxd8 22. Rc2 Re8 23. Bf3 Bf5 1/2-1/2

[Event "BL 2018-19"]
[Site "Berlin"]
[Date "2019.03.03"]
[Round "11.8"]
[White "Bacrot, Etienne"]
[Black "Heinemann, Josefine"]
[Result "1-0"]
[ECO "C50"]
[WhiteElo "2677"]
[BlackElo "2329"]
[Annotator "ChessBase"]
[PlyCount "73"]
[EventDate "2018.11.10"]
[EventType "team-tourn"]
[EventCountry "GER"]
[SourceTitle "playchess.com"]
[Source "ChessBase"]
[SourceQuality "1"]
[WhiteTeam "Baden-Baden"]
[BlackTeam "Viernheim"]
[TimeControl "40/6000+30:3000+30"]

1. e4 e5 2. Nf3 Nc6 3. Bc4 Bc5 4. O-O Nf6 5. d3 O-O 6. Re1 Ng4 7. Re2 Kh8 8. h3 f5 9. Bg5 Nf6 10. exf5 d5 11. Bb5 e4 12. dxe4 dxe4 13. Qxd8 Rxd8 14. Bxc6 bxc6 15. Nfd2 Bxf5 16. Nc3 e3 17. Bxe3 Bxe3 18. fxe3 Bxc2 19. Nf3 Bd3 20. Rd2 Be4 21. Nxe4 Nxe4 22. Rxd8+ Rxd8 23. Rc1 c5 24. Rc4 Re8 25. Ra4 Kg8 26. Rxa7 Re7 27. a4 Kf7 28. a5 Ke6 29. a6 Nd6 30. Ra8 c6 31. Nd2 Kd5 32. a7 c4 33. Nb1 Kc5 34. Nc3 g6 35. e4 h5 36. e5 Nf7 37. Na4+ 1-0

[Event "BL 2018-19"]
[Site "Berlin"]
[Date "2019.03.03"]
[Round "11.12"]
[White "Hracek, Zbynek"]
[Black "Hector, Jonny"]
[Result "1/2-1/2"]
[ECO "C50"]
[WhiteElo "2569"]
[BlackElo "2495"]
[Annotator "ChessBase"]
[PlyCount "49"]
[EventDate "2018.11.10"]
[EventType "team-tourn"]
[EventCountry "GER"]
[SourceTitle "playchess.com"]
[Source "ChessBase"]
[SourceQuality "1"]
[WhiteTeam "Werder Bremen"]
[BlackTeam "Kiel"]
[TimeControl "40/6000+30:3000+30"]

1. e4 e5 2. Nf3 Nc6 3. Bc4 Nf6 4. d3 Bc5 5. c3 O-O 6. O-O d5 7. exd5 Nxd5 8. Re1 Bg4 9. h3 Bh5 10. Nbd2 Nb6 11. Bb3 Bd6 12. Ne4 Kh8 13. g4 Bg6 14. d4 exd4 15. Nxd4 Nxd4 16. Qxd4 Be7 17. Bf4 f5 18. Qxd8 Raxd8 19. Ng5 Bxg5 20. Bxg5 Rd3 21. Re3 fxg4 22. hxg4 h6 23. Rxd3 Bxd3 24. Be3 Nc4 25. Bxc4 1/2-1/2

[Event "BL 2018-19"]
[Site "Berlin"]
[Date "2019.03.03"]
[Round "11.13"]
[White "Pakleza, Zbigniew"]
[Black "Babula, Vlastimil"]
[Result "1/2-1/2"]
[ECO "A46"]
[WhiteElo "2508"]
[BlackElo "2538"]
[Annotator "RC"]
[PlyCount "47"]
[EventDate "2018.11.10"]
[EventType "team-tourn"]
[EventCountry "GER"]
[SourceTitle "playchess.com"]
[Source "ChessBase"]
[SourceQuality "1"]
[WhiteTeam "Kiel"]
[BlackTeam "Werder Bremen"]
[TimeControl "40/6000+30:3000+30"]

1. d4 Nf6 2. Nf3 e6 3. e3 b6 4. Bd3 Bb7 5. O-O d5 6. c4 Bd6 7. Nc3 O-O 8. b3 Nbd7 9. Bb2 a6 10. Rc1 Qe7 11. Qe2 Ne4 12. Nd2 f5 13. f3 Nxd2 14. Qxd2 dxc4 15. bxc4 e5 16. f4 exd4 17. exd4 Rae8 18. Rce1 Qf7 19. g3 Nf6 20. Rxe8 Rxe8 21. Re1 Rxe1+ 22. Qxe1 Qd7 23. Qe2 g6 24. Kf1 1/2-1/2

[Event "BL 2018-19"]
[Site "Berlin"]
[Date "2019.03.03"]
[Round "11.16"]
[White "Grigorian, Spartak"]
[Black "Olsen, Filip Boe"]
[Result "1-0"]
[ECO "D45"]
[WhiteElo "2391"]
[BlackElo "2335"]
[Annotator "NA"]
[PlyCount "63"]
[EventDate "2018.11.10"]
[EventType "team-tourn"]
[EventCountry "GER"]
[SourceTitle "playchess.com"]
[Source "ChessBase"]
[SourceQuality "1"]
[WhiteTeam "Werder Bremen"]
[BlackTeam "Kiel"]
[TimeControl "40/6000+30:3000+30"]

1. d4 Nf6 2. c4 e6 3. Nf3 d5 4. Nc3 c6 5. e3 Nbd7 6. Qc2 Bd6 7. Bd3 O-O 8. O-O dxc4 9. Bxc4 b5 10. Be2 Bb7 11. e4 e5 12. dxe5 Nxe5 13. Nh4 Re8 14. Nf5 Bf8 15. Bg5 a6 16. Bxf6 gxf6 17. a4 Qb6 18. Nd1 Rad8 19. Nde3 Qc5 20. Rfc1 Qb4 21. Rd1 Bc8 22. axb5 axb5 23. Ng3 Be6 24. Nh5 Be7 25. Nf5 Bb3 26. Rxd8 Rxd8 27. Nxe7+ Kf8 28. Nxc6 Nxc6 29. Qxc6 Bd1 30. Qxf6 Qd2 31. Qh8+ Ke7 32. Ra7+ 1-0

[Event "BL 2018-19"]
[Site "Berlin"]
[Date "2019.03.03"]
[Round "11.21"]
[White "Arnaudov, G. Petar"]
[Black "Kraemer, Martin"]
[Result "1/2-1/2"]
[ECO "E20"]
[WhiteElo "2459"]
[BlackElo "2582"]
[Annotator "ChessBase"]
[PlyCount "95"]
[EventDate "2018.11.10"]
[EventType "team-tourn"]
[EventCountry "GER"]
[SourceTitle "playchess.com"]
[Source "ChessBase"]
[SourceQuality "1"]
[WhiteTeam "Augsburg"]
[BlackTeam "SF Berlin"]
[TimeControl "40/6000+30:3000+30"]

1. d4 Nf6 2. c4 e6 3. Nc3 Bb4 4. g3 O-O 5. Bg2 d5 6. Nf3 dxc4 7. O-O Nc6 8. Qa4 Nd5 9. Qc2 Be7 10. Rd1 Bd7 11. e4 Ncb4 12. Qd2 Nb6 13. Qe2 Nd3 14. Be3 Bb4 15. Qc2 Bxc3 16. Qxc3 Na4 17. Qc2 Ndxb2 18. Rdb1 c3 19. Qb3 b5 20. d5 exd5 21. exd5 Bf5 22. Re1 Be4 23. Ng5 Bxg2 24. Kxg2 a6 25. Kg1 h6 26. Ne4 c2 27. Nd2 c5 28. dxc6 Nd3 29. Qxc2 Nxe1 30. Rxe1 Rc8 31. Rc1 Qd5 32. Nb3 b4 33. Qc4 Qxc4 34. Rxc4 Rfe8 35. Rxb4 Nc3 36. Rc4 Nd5 37. Bd2 Nb6 38. Rc5 Re6 39. Nd4 Rd6 40. Be3 Rd5 41. Rc2 h5 42. h3 g6 43. g4 hxg4 44. hxg4 Rd6 45. Kg2 Nd5 46. Rc4 f6 47. Ra4 g5 48. Rxa6 1/2-1/2

[Event "BL 2018-19"]
[Site "Berlin"]
[Date "2019.03.03"]
[Round "11.23"]
[White "Nestorovic, Nikola"]
[Black "Abel, Dennes"]
[Result "1-0"]
[ECO "B12"]
[WhiteElo "2455"]
[BlackElo "2465"]
[Annotator "RC"]
[PlyCount "49"]
[EventDate "2018.11.10"]
[EventType "team-tourn"]
[EventCountry "GER"]
[SourceTitle "playchess.com"]
[Source "ChessBase"]
[SourceQuality "1"]
[WhiteTeam "Augsburg"]
[BlackTeam "SF Berlin"]
[TimeControl "40/6000+30:3000+30"]

1. e4 c6 2. d4 d5 3. e5 Bf5 4. Nd2 e6 5. Nb3 Nd7 6. Ne2 Ne7 7. c3 Qc7 8. Ng3 Bg6 9. Be2 c5 10. Be3 Nf5 11. Nxf5 Bxf5 12. O-O Bg6 13. f4 c4 14. Nd2 h5 15. b3 cxb3 16. Qxb3 Be7 17. c4 dxc4 18. Nxc4 O-O 19. Rac1 Rab8 20. d5 Nc5 21. d6 Nxb3 22. dxc7 Nxc1 23. Rxc1 Rbc8 24. Nd6 f6 25. Bb5 1-0